 Dungeon Crawl Stone Soup version 0.17-a0-2007-g96ac4c4 (webtiles) character file.

14596 Mordenkainen the Warrior (level 12, 0/148 HPs)
             Began as an Ogre Berserker on Oct 9, 2015.
             Was a High Priest of Trog.
             Slain by a chaos spawn (13 damage)
             ... summoned by a kobold demonologist
             ... on level 12 of the Dungeon.
             The game lasted 00:32:02 (10531 turns).

Mordenkainen the Warrior (Ogre Berserker)          Turns: 10531, Time: 00:32:04

Health: 0/148      AC:  1    Str: 29    XL:     12   Next: 18%
Magic:  12/12      EV: 17    Int:  6    God:    Trog [*****.]
Gold:   588        SH:  2    Dex:  9    Spells: 0 memorised, 11 levels left

rFire  . . .     SeeInvis +     R - +0 giant club
rCold  + + +     Clarity  .     J - +2 robe of Fedhas's Castigation {+Inv rPois rC++ SInv}
rNeg   . . .     SustAt   .     (no shield)
rPois  +         Gourm    .     (helmet restricted)
rElec  +         Spirit   .     K - +2 cloak of Starlight {rElec rC+ EV+4 Stlth--}
rCorr  .         Warding  .     (gloves unavailable)
rMut   .         Rnd*Tele +     (boots unavailable)
MR     +....                    (no amulet)
Stlth  ..........               M - ring of teleportation
                                W - ring "Uskofoj" {+Inv EV+3}

@: exhausted, corroded equipment, slowed, very slow, somewhat resistant to
hostile enchantments, extremely unstealthy
A: unfitting armour, icy blue scales 1, large bone plates 1, thin metallic
scales 1, electricity resistance, tough skin 1, wild magic 1
a: Burn Spellbooks, Berserk, Trog's Hand, Brothers in Arms, Renounce Religion,
Evoke Invisibility, Evoke Teleportation


You were on level 12 of the Dungeon.
You worshipped Trog.
Trog was extremely pleased with you.
You were hungry.

You visited 1 branch of the dungeon, and saw 12 of its levels.

You collected 822 gold pieces.
You spent 234 gold pieces at shops.

Inventory:

Hand Weapons
 q - a +0 blowgun
 w - a +3 quarterstaff of chaos
 P - a +6 antimagic mace
 R - a +0 giant club (weapon)
 X - the +6 war axe "Pahalyod" {chop, rN++}
   (You found it on level 8 of the Dungeon)

   It inflicts extra damage upon your enemies.
   It greatly protects you from negative energy.
 Y - the +8 hand axe of Wyrd {flame, rPois}
   (You found it on level 8 of the Dungeon)

   It has been specially enchanted to burn those struck by it, causing extra
   injury to most foes and up to half again as much damage against particularly
   susceptible opponents.
   Big, fiery blades are also staple armaments of hydra-hunters.
   It protects you from poison.
Missiles
 r - 14 poisoned needles
Armour
 J - the +2 robe of Fedhas's Castigation (worn) {+Inv rPois rC++ SInv}
   (You found it on level 4 of the Dungeon)

   It greatly protects you from cold.
   It protects you from poison.
   It lets you see invisible.
   It lets you turn invisible.
 K - the +2 cloak of Starlight (worn) {rElec rC+ EV+4 Stlth--}
   (You found it on level 6 of the Dungeon)

   It affects your evasion (+4).
   It protects you from cold.
   It insulates you from electricity.
   It makes you much less stealthy.
Jewellery
 p - a +3 ring of protection {unknown}
 L - a +3 ring of evasion {unknown}
 M - a ring of teleportation (right hand)
 W - the ring "Uskofoj" (left hand) {+Inv EV+3}
   (You found it on level 8 of the Dungeon)

   [ring of evasion]

   It affects your evasion (+3).
   It lets you turn invisible.
Wands
 k - a wand of lightning (1)
 v - a wand of polymorph (7)
 Q - a wand of random effects (4)
 T - a wand of draining (10)
Scrolls
 a - a scroll of amnesia {unknown}
 b - a scroll of blinking {unknown}
 e - 4 scrolls of enchant armour {unknown}
 g - 3 scrolls of recharging
 h - 7 scrolls of remove curse
 m - 4 scrolls of immolation
 s - a scroll of magic mapping {unknown}
 u - 5 scrolls of fog
 y - 7 scrolls of teleportation
 B - 3 scrolls of enchant weapon
 C - 4 scrolls of random uselessness
 E - 2 scrolls of vulnerability
 O - a scroll of acquirement {unknown}
 S - a scroll of noise {unknown}
Potions
 d - 4 potions of lignification {unknown}
 f - 2 potions of cancellation
 i - 5 potions of curing
 j - 3 potions of brilliance
 n - 2 potions of degeneration {unknown}
 t - a potion of flight
 D - 2 potions of resistance {unknown}
 F - 2 potions of invisibility {unknown}
 H - a potion of might {unknown}
 I - 2 potions of ambrosia {unknown}
Books
 x - a book of Cantrips

   Spells                             Type                      Level
   a - Corona                         Hexes                        1
   b - Animate Skeleton               Necromancy                   1
   c - Summon Small Mammal            Summoning                    1
   d - Apportation                    Translocation                1
   Trog disapproves of the use of such an item.
 z - a book of Debilitation

   Spells                             Type                      Level
   a - Corona                         Hexes                        1
   b - Slow                           Hexes                        2
   c - Gell's Gravitas                Hexes/Translocation          3
   d - Inner Flame                    Hexes/Fire                   3
   e - Cause Fear                     Hexes                        4
   f - Leda's Liquefaction            Hexes/Earth                  4
   Trog disapproves of the use of such an item.
 Z - a book of Envenomations

   Spells                             Type                      Level
   a - Spider Form                    Transmutation/Poison         3
   b - Alistair's Intoxication        Transmutation/Poison         4
   c - Olgreb's Toxic Radiance        Poison                       4
   d - Poisonous Cloud                Conjuration/Poison/Air       6
   Trog disapproves of the use of such an item.
Miscellaneous
 o - a lantern of shadows
Comestibles
 c - 7 bread rations
 l - 4 chunks of flesh
 A - 7 meat rations
 G - a royal jelly
 N - 2 beef jerkies
 U - 3 fruits
 V - 8 slices of pizza


   Skills:
 * Level 17.2 Fighting
 * Level 16.8 Maces & Flails
 - Level 2.6 Dodging


You had 11 spell levels left.
You didn't know any spells.

Dungeon Overview and Level Annotations

Branches:
Dungeon (12/15)            Temple (0/1) D:7            Lair (0/8) D:11
    Orc (0/4) D:9

Altars:
Ashenzari
Dithmenos
Elyvilon
Fedhas
Gozag
Kikubaaqudgha
Makhleb
Nemelex Xobeh
Okawaru
Sif Muna
Xom
Yredelemnul
The Shining One

Shops:
D:5 ?   D:9 (

Annotations:
D:9 P0WERM0DE's ghost, novice MiMo
D:11 1 runed door
D:12 Maurice


Innate Abilities, Weirdness & Mutations

You are too large for most types of armour.
You have tough skin (AC +1).
You are partially covered in icy blue scales (AC +1).
You are partially covered in large bone plates (AC +2, SH +2).
You are partially covered in thin metallic scales (AC +2).
You are resistant to electric shocks.
Your spells are a little harder to cast, but a little more powerful.


Message History

You hit the rust devil.
The rust devil is moderately wounded.
The rust devil closely misses you.
Drink which item? (? for menu, Esc to quit)
You feel better. The rust devil hits you. The rust devil corrodes you!
The rust devil hits you!
* * * LOW HITPOINT WARNING * * *
The rust devil corrodes you!
You hit the rust devil.
The rust devil is moderately wounded.
The kobold demonologist mumbles some strange words.
The rust devil barely misses you.
You thump the rust devil!
The rust devil is heavily wounded.
The rust devil disappears in a puff of smoke!
Two slime creatures merge to form a large slime creature.
The chaos spawn hits you!
* * * LOW HITPOINT WARNING * * *
Space warps horribly around you!
You die...

+.+ #.# +.+ #....####
#.# #........ +.+
#>....... ## #.#
#......# #≈#### +.+
#.....##. #≈...# #@#
#........
#≈...###3###....4##
#≈...#8#5#8#5...K5#
#≈≈....5KJ)55..J....
##.≈......5...######.
##..≈...######.#
#..≈≈...# #.#
#..≈≈.≈.## #.#
##..≈≈....# #.#


You could see a large slime creature, a kobold demonologist, a chaos spawn, a
crimson imp, a white imp and a shadow imp.

Vanquished Creatures
  Azrael (D:12)
  Erica (D:8)
  The ghost of P0WERM0DE the Fighter, a novice MiMo of Makhleb (D:11)
  An ice statue (D:9)
  An ugly thing (D:12)
  2 hill giants (D:12)
  Psyche (D:12)
  2 trolls
  A polar bear (D:12)
  Grinder (D:4)
  A slime creature (D:12)
  A hippogriff (D:9)
  A water elemental (D:12)
  2 fire elementals (D:12)
  Grum (D:8)
  A basilisk (D:12)
  10 yaks
  A human (D:11)
  2 hungry ghosts
  Menkaure (D:4)
  A wolf (shapeshifter) (D:6)
  A hog (D:11)
  2 mottled dragons (D:12)
  A hell hound (D:12)
  4 wolves
  4 ice beasts
  A wasp (D:6)
  5 ogres
  6 orc warriors
  A phantom (D:7)
  2 black bears (D:7)
  3 sky beasts
  A necrophage (D:8)
  3 centaurs
  A big kobold (D:10)
  8 giant frogs
  3 wyvern skeletons
  A water moccasin skeleton (D:10)
  4 scorpions
  An electric eel (D:12)
  7 wights
  2 quasits
  2 jellies (D:8)
  A centaur zombie (D:12)
  8 crimson imps
  2 gnoll shamans (D:6)
  3 hounds
  A jelly (shapeshifter) (D:5)
  Crazy Yiuf (D:4)
  6 orc priests
  A centaur skeleton (D:5)
  8 orc wizards
  5 giant frog skeletons
  7 worker ants
  A hound skeleton (D:5)
  3 worker ant zombies
  19 adders
  13 gnolls
  2 shadow imps
  3 white imps
  3 ufetubi (D:12)
  3 worms
  4 giant geckos
  37 orcs
  6 bats
  6 giant cockroaches
  11 goblins
  17 hobgoblins
  16 jackals
  16 kobolds
  2 quokkas
  2 ball pythons
  4 giant newts
  A goblin skeleton (D:4)
  3 goblin zombies (D:4)
  5 hobgoblin zombies (D:4)
  A jackal skeleton (D:8)
  2 kobold skeletons (D:4)
  A kobold zombie (D:4)
  7 rats
328 creatures vanquished.

Vanquished Creatures (collateral kills)
  3 wights (D:8)
3 creatures vanquished.

Vanquished Creatures (others)
  An ufetubus (D:12)
1 creature vanquished.

Grand Total: 332 creatures vanquished

Notes
Turn   | Place    | Note
--------------------------------------------------------------
     0 | D:1      | Mordenkainen the Ogre Berserker began the quest for the Orb.
     0 | D:1      | Reached XP level 1. HP: 24/24 MP: 1/1
   309 | D:1      | Reached XP level 2. HP: 24/33 MP: 2/2
   881 | D:2      | Reached XP level 3. HP: 40/40 MP: 3/3
   919 | D:2      | Acquired Trog's second power
  1008 | D:2      | Reached skill level 5 in Fighting
  1460 | D:2      | Reached skill level 5 in Maces & Flails
  1532 | D:2      | Found a burning altar of Makhleb.
  1532 | D:2      | Found a shimmering altar of Xom.
  1619 | D:2      | Found a blossoming altar of Fedhas.
  2005 | D:3      | Reached XP level 4. HP: 44/50 MP: 4/4
  2291 | D:3      | Reached XP level 5. HP: 44/59 MP: 5/5
  2350 | D:3      | Found a faded altar to an unknown god.
  2357 | D:3      | Reached skill level 6 in Maces & Flails
  2384 | D:3      | Found an iron altar of Okawaru.
  2913 | D:4      | Noticed Crazy Yiuf
  2963 | D:4      | Killed Crazy Yiuf
  2976 | D:4      | Noticed Menkaure
  3050 | D:4      | Killed Menkaure
  3050 | D:4      | Reached skill level 7 in Fighting
  3050 | D:4      | Reached XP level 6. HP: 36/71 MP: 6/6
  3186 | D:4      | Noticed Grinder
  3293 | D:4      | Found a basalt altar of Yredelemnul.
  3424 | D:4      | Found a glowing golden altar of the Shining One.
  3463 | D:4      | Noticed an ogre
  3468 | D:4      | Killed an ogre
  3468 | D:4      | Reached XP level 7. HP: 54/79 MP: 7/7
  3597 | D:4      | Killed Grinder
  3597 | D:4      | Reached skill level 8 in Fighting
  3856 | D:5      | Entered Level 5 of the Dungeon
  3869 | D:5      | Found Feuxol's Magic Scroll Emporium.
  3873 | D:5      | Found a white marble altar of Elyvilon.
  3876 | D:5      | Reached skill level 9 in Fighting
  3891 | D:5      | Reached XP level 8. HP: 75/92 MP: 8/8
  3906 | D:5      | Bought 3 scrolls of teleportation for 117 gold pieces
  3906 | D:5      | Bought a scroll of fog for 26 gold pieces
  3906 | D:5      | Bought a scroll of identify for 26 gold pieces
  3906 | D:5      | Bought a scroll of remove curse for 39 gold pieces
  3906 | D:5      | Bought a scroll of identify for 26 gold pieces
  4043 | D:5      | Got an ancient robe
  4054 | D:5      | Identified the +1 robe "Faguack" {Stlth+} (You found it on level 5 of the Dungeon)
  4421 | D:5      | Reached skill level 10 in Fighting
  4425 | D:5      | Gained mutation: You are partially covered in thin metallic scales (AC +2). [mutagenic meat]
  4426 | D:5      | Gained mutation: Your spells are a little harder to cast, but a little more powerful. [mutagenic meat]
  4427 | D:5      | Gained mutation: You are partially covered in icy blue scales (AC +1). [mutagenic meat]
  4509 | D:5      | Found an opulent altar of Gozag.
  4779 | D:4      | Got a bloodstained robe
  4790 | D:4      | Identified the +2 robe of Fedhas's Castigation {+Inv rPois rC++ SInv} (You found it on level 4 of the Dungeon)
  4850 | D:6      | Reached skill level 10 in Maces & Flails
  4975 | D:6      | Acquired Trog's third power
  5365 | D:6      | Reached skill level 11 in Fighting
  5365 | D:6      | Reached XP level 9. HP: 105/105 MP: 9/9
  5941 | D:6      | Reached skill level 12 in Fighting
  6194 | D:7      | Found an iron altar of Okawaru.
  6373 | D:7      | Found a shadowy altar of Dithmenos.
  6430 | D:7      | Found a sparkling altar of Nemelex Xobeh.
  6712 | D:7      | Found a staircase to the Ecumenical Temple.
  6745 | D:7      | Reached skill level 13 in Fighting
  6745 | D:7      | Reached XP level 10. HP: 94/119 MP: 10/10
  7159 | D:8      | Noticed Grum
  7160 | D:8      | Noticed Erica
  7188 | D:8      | Killed Grum
  7197 | D:8      | Killed Erica
  7197 | D:8      | Reached skill level 14 in Fighting
  7207 | D:8      | Found a shattered altar of Ashenzari.
  7239 | D:8      | Received a gift from Trog
  7682 | D:8      | Got a vibrating granite ring
  7718 | D:8      | Got a smoking war axe
  7730 | D:8      | Got a shimmering hand axe
  7731 | D:8      | Identified the +6 war axe "Pahalyod" {chop, rN++} (You found it on level 8 of the Dungeon)
  7732 | D:8      | Identified the +8 hand axe of Wyrd {flame, rPois} (You found it on level 8 of the Dungeon)
  7790 | D:9      | Found an ancient bone altar of Kikubaaqudgha.
  7845 | D:9      | Found a staircase to the Orcish Mines.
  7849 | D:9      | Noticed P0WERM0DE's ghost (novice MiMo)
  7851 | D:9      | Found Weonkan's Weapon Shop.
  8383 | D:9      | Noticed an ice statue
  8401 | D:9      | Killed an ice statue
  8401 | D:9      | Reached skill level 15 in Fighting
  8401 | D:9      | Reached XP level 11. HP: 128/130 MP: 11/11
  8597 | D:9      | Found a deep blue altar of Sif Muna.
  8702 | D:9      | Identified the ring "Uskofoj" {+Inv EV+3} (You found it on level 8 of the Dungeon)
  8711 | D:9      | Got a bloodstained long sword
  8714 | D:9      | Identified the cursed +1 long sword of Infection {freeze, Str+4} (You found it on level 9 of the Dungeon)
  8719 | D:10     | Entered Level 10 of the Dungeon
  8998 | D:10     | Reached skill level 15 in Maces & Flails
  9653 | D:11     | Found a staircase to the Lair.
  9718 | D:11     | Found a white marble altar of Elyvilon.
  9718 | D:11     | Noticed an angel
  9719 | D:11     | Found a runed door.
  9731 | D:11     | Gained mutation: You tend to lose your temper in combat. [mutagenic meat]
  9732 | D:11     | Gained mutation: You are resistant to electric shocks. [mutagenic meat]
  9733 | D:11     | Lost mutation: You tend to lose your temper in combat. [mutagenic meat]
  9735 | D:11     | Gained mutation: You are partially covered in large bone plates (AC +2, SH +2). [mutagenic meat]
  9797 | D:11     | Killed P0WERM0DE's ghost
 10160 | D:12     | Noticed Maurice
 10190 | D:12     | Noticed Azrael
 10194 | D:12     | Killed Azrael
 10194 | D:12     | Reached skill level 16 in Fighting
 10198 | D:12     | Noticed Psyche
 10204 | D:12     | Killed Psyche
 10212 | D:12     | HP: 1/135 [fire elemental[Azrael] (13)]
 10345 | D:12     | Reached XP level 12. HP: 19/146 MP: 12/12
 10361 | D:12     | Noticed a hill giant
 10391 | D:12     | Killed a hill giant
 10433 | D:12     | Reached skill level 17 in Fighting
 10493 | D:12     | Noticed a hill giant
 10504 | D:12     | Killed a hill giant
 10531 | D:12     | Slain by a chaos spawn

Vault maps used:
D:1:      minmay_arrival_semitransparent, hangedman_decor_points
D:2:      gammafunk_temple_overflow_elements, first_bread, fedhas_altar_1
D:3:      overflow_temple_1_default, ecumenical_altar_2
D:4:      corexii_shack_village, nicolae_tso_besieged_by_evil,
          overflow_temple_1_default, kennysheep_generic_room_7, uniq_grinder,
          uniq_menkaure, uniq_crazy_yiuf_cottage
D:5:      nicolae_overflow_hidden_temple, serial_shops, nicolae_shop_stone
D:6:      grunt_ministairs_13, st_stairs_4, hangedman_decor_clover_reticule
D:7:      nemelex_xobeh_ov_fountains_minmay, lemuel_coloured_pillars_altar,
          minmay_temple_entry_junction2, basic_altar
D:8:      old_standard_altar, uniq_erica, uniq_grum
D:9:      lemuel_ice_statue, old_standard_altar, lemuel_round_altar, orc_david_3
D:11:     lair_0_dummy, grunt_livestock, lemuel_angel_altar
D:12:     serial_ice, serial_ice_k, serial_ice_f, serial_ice_e, serial_ice_m,
          serial_ice_n, serial_ice_g, serial_ice_c,
          portal_ice_cave_entry_pillars_02, lemuel_mausoleum_altar_yredelemnul,
          uniq_psyche, uniq_azrael, uniq_maurice

Action                   |  1- 3 |  4- 6 |  7- 9 | 10-12 || total
-------------------------+-------+-------+-------+-------++-------
Melee: Mace              |   104 |    36 |       |     5 ||   145
       Spear             |    44 |    46 |       |       ||    90
       Quarterstaff      |       |    84 |   380 |    85 ||   549
       Giant club        |       |       |       |   286 ||   286
       Long sword        |       |       |       |    37 ||    37
Invok: Berserk           |     1 |       |     4 |     6 ||    11
       Trog's Hand       |       |     3 |     1 |     3 ||     7
       Brothers in Arms  |       |       |       |     1 ||     1
Evoke: Wand              |       |       |       |    17 ||    17
  Use: Scroll            |       |       |       |    12 ||    12
       Potion            |       |       |       |     6 ||     6
 Stab: Sleeping          |       |       |     2 |       ||     2
       Paralysed         |       |       |     1 |     2 ||     3
  Eat: Bread ration      |     1 |       |       |       ||     1
       Chunk             |       |     6 |    18 |    22 ||    46
       Fruit             |       |       |       |     4 ||     4
